 Dungeon Crawl Stone Soup version 0.18-a0-1745-gffa9a88 (webtiles) character file.

293 Keker the Cudgeler (level 6, -2/39 HPs)
             Began as a Gargoyle Fighter on Apr 11, 2016.
             Slain by Keker's ghost (8 damage)
             ... on level 4 of the Dungeon.
             The game lasted 00:06:16 (2440 turns).

Keker the Cudgeler (Gargoyle Fighter)               Turns: 2440, Time: 00:06:16

Health: -2/39      AC: 17    Str: 26    XL:     6   Next: 33%
Magic:  6/6        EV:  4    Int:  9    God:
Gold:   135        SH:  9    Dex:  9    Spells: 0 memorised, 5 levels left

rFire  x . .     SeeInvis .     w - +0 mace
rCold  + . .     Gourm    .     g - +0 plate armour
rNeg   + . .     Faith    .     c - +0 shield
rPois  ∞         Spirit   .     (no helmet)
rElec  +         Dismiss  .     r - +0 cloak
rCorr  .         Reflect  .     (no gloves)
SustAt .         Harm     .     (no boots)
MR     .....                    (no amulet)
Stlth  ..........               (no ring)
                                o - ring of ice

@: mighty, not resistant to hostile enchantments, extremely unstealthy
A: negative energy resistance 1, electricity resistance, unbreathing,
petrification resistance, rot immunity, AC +4
a: no special abilities


You were on level 4 of the Dungeon.
You were hungry.

You visited 1 branch of the dungeon, and saw 4 of its levels.

You collected 135 gold pieces.

Inventory:

Hand Weapons
 w - a +0 mace (weapon)
Armour
 c - a +0 shield (worn)
 g - a +0 plate armour (worn)
 r - a +0 cloak (worn)
Jewellery
 o - a ring of ice (left hand)
Scrolls
 e - 2 scrolls of magic mapping {unknown}
 h - 3 scrolls of identify {unknown}
 j - 2 scrolls of enchant weapon {unknown}
 s - 2 scrolls of noise {unknown}
 t - a scroll of fear {unknown}
Potions
 a - a potion of resistance {unknown}
 d - a potion of might
 i - 3 potions of curing {unknown}
 k - 2 potions of agility
 l - a potion of mutation {unknown}
 m - a potion of heal wounds {unknown}
 n - 2 potions of lignification {unknown}
 q - a potion of degeneration {unknown}
 u - a potion of brilliance {unknown}
 v - a potion of haste {unknown}
Comestibles
 b - a meat ration
 f - 4 bread rations
 p - a beef jerky


   Skills:
 + Level 4.5 Fighting
 * Level 4.8 Maces & Flails
 + Level 4.7 Armour
 - Level 3.2 Shields


You had 5 spell levels left.
You didn't know any spells.

Dungeon Overview and Level Annotations

Branches:
Dungeon (4/15)
 Temple: D:4-7

Altars:
Ashenzari
Zin

Annotations:
D:4 Keker's ghost, amateur GrFi


Innate Abilities, Weirdness & Mutations

You are resistant to torment.
Your stone body is resilient (AC +4).
You are immune to poison.
You resist negative energy.
You are resistant to electric shocks.
You can survive without breathing.
You are immune to petrification.
You are immune to rotting.


Message History

* * * LOW HITPOINT WARNING * * *
You feel very mighty all of a sudden. You block Keker's ghost's attack.
You hit Keker's ghost.
Keker's ghost is lightly damaged.
Keker's ghost hits you but does no damage.
You sock Keker's ghost!
Keker's ghost is moderately damaged.
You block Keker's ghost's attack.
You hit Keker's ghost.
Keker's ghost is heavily damaged.
You block Keker's ghost's attack.
You hit Keker's ghost but do no damage.
Keker's ghost is heavily damaged.
You block Keker's ghost's attack. Keker's ghost hits you.
* * * LOW HITPOINT WARNING * * *
You hit Keker's ghost.
Keker's ghost is severely damaged.
Keker's ghost hits you!
You die...

#.#.......>.
#.###††....###.
#..........# .
######.....# ..
#.....# ...
#.....# ....
#..../##.....
##........#
#....@W.###
#...........#
#.......###..
#.......#
#.......#
#.......#
#....#### #....


You could see Keker's ghost.

Vanquished Creatures
  An orc priest (D:3)
  A hound (D:4)
  Crazy Yiuf (D:3)
  Jessica (D:2)
  Ijyb (D:2)
  Terence (D:2)
  A worker ant (D:4)
  5 adders
  An ooze (D:2)
  A worm (D:3)
  3 orcs (D:3)
  2 giant cockroaches
  5 goblins
  8 hobgoblins
  6 jackals
  A quokka (D:2)
  A ball python (D:4)
  8 bats
  A giant newt (D:4)
  4 kobolds
  5 rats
58 creatures vanquished.

Notes
Turn   | Place    | Note
--------------------------------------------------------------
     0 | D:1      | Keker the Gargoyle Fighter began the quest for the Orb.
     0 | D:1      | Reached XP level 1. HP: 14/14 MP: 1/1
   361 | D:1      | Reached XP level 2. HP: 19/19 MP: 2/2
   840 | D:2      | Reached XP level 3. HP: 18/23 MP: 3/3
   847 | D:2      | Noticed Ijyb
   864 | D:2      | Killed Ijyb
   911 | D:2      | Noticed Terence
   937 | D:2      | Killed Terence
   937 | D:2      | Reached XP level 4. HP: 21/29 MP: 4/4
  1056 | D:2      | Noticed Jessica
  1062 | D:2      | Killed Jessica
  1315 | D:2      | Reached XP level 5. HP: 32/33 MP: 5/5
  1543 | D:3      | Found a glowing silver altar of Zin.
  1790 | D:3      | Found a shattered altar of Ashenzari.
  2126 | D:3      | Noticed Crazy Yiuf
  2137 | D:3      | Killed Crazy Yiuf
  2137 | D:3      | Reached XP level 6. HP: 39/39 MP: 6/6
  2420 | D:4      | Noticed Keker's ghost (amateur GrFi)
  2440 | D:4      | Slain by Keker's ghost

Vault maps used:
D:1:      eino_arrival_druids_welcome, minmay_misc_feat_cross
D:2:      serial_bayou_pond_e, uniq_terence, uniq_iyjb, uniq_jessica
D:3:      lemuel_doored_altar, evilmike_ruin_ashenzari, first_bread,
          uniq_crazy_yiuf_cottage
D:4:      nicolae_ossuary_entry_ruins

Skill      XL: |  1  2  3  4 |
---------------+-------------+-----
Maces & Flails | 3 4 |  4.8
Fighting       | 4 |  4.5
Armour         | 4 |  4.7
Shields        | |  3.2

Action                   |  1- 3 |  4- 6 || total
-------------------------+-------+-------++-------
Melee: Flail             |   101 |   137 ||   238
       Mace              |       |    76 ||    76
  Use: Potion            |       |     1 ||     1
  Eat: Chunk             |       |     5 ||     5
